 Dungeon Crawl Stone Soup version 0.27.1-1-g398f81649c (webtiles) character file.

Game seed: 5761179989824472120

97 pokedragonboy the Conjurer (level 4, -2/24 HPs)
             Began as a Deep Elf Conjurer on Sept 13, 2021.
             Was an Initiate of Kikubaaqudgha.
             Slain by an ogre (25 damage)
             ... on level 3 of the Dungeon.
             The game lasted 00:04:28 (2309 turns).

pokedragonboy the Conjurer (Deep Elf Conjurer)      Turns: 2309, Time: 00:04:29

Health: -2/24      AC:  3    Str:  4    XL:     4   Next: 42%
Magic:  6/12       EV: 12    Int: 24    God:    Kikubaaqudgha [......]
Gold:   113        SH:  5    Dex: 13    Spells: 8/11 levels left

rFire    . . .     SeeInvis .   l - +1 short sword (venom)
rCold    . . .     Faith    .   (no shield)
rNeg     . . .     Spirit   .   a - +0 robe
rPois    .         Reflect  +   c - +0 helmet
rElec    .         Harm     .   (no cloak)
rCorr    .         Rampage  .   (no gloves)
Will     .....                  (no boots)
Stlth    ++........             k - amulet of reflection
HPRegen  0.08/turn              (no ring)
MPRegen  0.13/turn              (no ring)

@: no status effects
A: no striking features
a: Renounce Religion


You were on level 3 of the Dungeon.
You worshipped Kikubaaqudgha.
Kikubaaqudgha was noncommittal.
You visited 1 branch of the dungeon, and saw 3 of its levels.

You collected 113 gold pieces.

Inventory:

Hand Weapons
 b - a +0 short sword
 l - a +1 short sword of venom (weapon)
Armour
 a - a +0 robe (worn)
 c - a +0 helmet (worn)
Jewellery
 f - a ring of fire
 k - an amulet of reflection (around neck)
Scrolls
 d - a scroll of vulnerability {unknown}
 h - a scroll of teleportation
Potions
 e - a potion of cancellation {unknown}
 g - a potion of flight {unknown}
 i - a potion of ambrosia {unknown}
 j - a potion of heal wounds {unknown}


   Skills:
 - Level 2.4 Dodging
 - Level 2.4 Stealth
 + Level 4.3 Spellcasting
 * Level 5.8 Conjurations
 * Level 0.7 Necromancy


You had 8 spell levels left.
You knew the following spells:

 Your Spells              Type           Power      Damage    Failure   Level
a - Magic Dart            Conj           100%       1d8       1%          1
b - Searing Ray           Conj           66%        3d5       1%          2

Your spell library contained the following spells:

 Spells                   Type           Power      Damage    Failure   Level
 Foxfire                  Conj/Fire      76%        2x1d7     2%          1
 Conjure Flame            Conj/Fire      19%        6-21      9%          3
 Dazzling Flash           Conj/Hex       38%        N/A       9%          3
 Inner Flame              Hex/Fire       5%         N/A       28%         3
 Fulminant Prism          Conj/Hex       9%         3d7       28%         4
 Iskenderun's Mystic Bla  Conj/Tloc      19%        2d6       28%         4
 Summon Forest            Summ/Tloc      2%         N/A       95%         5
 Summon Mana Viper        Hex/Summ       5%         N/A       95%         5
 Shadow Creatures         Summ           N/A        N/A       100%        6


Dungeon Overview and Level Annotations

Branches:
Dungeon (3/15)

Altars:
Kikubaaqudgha

Annotations:
D:3 exclusion: ogre, Ijyb


Message History

You see here an adder corpse.
Casting: Magic Dart (safe; 1% risk of failure)
Confirm with . or Enter, or press ? or * to list all spells.
Aiming: Magic Dart (safe; 1% risk of failure)
Press: ? - help, Shift-Dir - straight line, f - endoplasm
Aim: an endoplasm (100% to hit)
The magic dart hits the endoplasm.
The endoplasm is almost dead.
Casting: Magic Dart (safe; 1% risk of failure)
Confirm with . or Enter, or press ? or * to list all spells.
Aiming: Magic Dart (safe; 1% risk of failure)
Press: ? - help, Shift-Dir - straight line, f/p - endoplasm
Aim: an endoplasm (almost dead, 100% to hit)
The magic dart hits the endoplasm.
You kill the endoplasm!
Kikubaaqudgha accepts your kill.
Casting: Magic Dart (safe; 1% risk of failure)
Confirm with . or Enter, or press ? or * to list all spells.
Aiming: Searing Ray (safe; 1% risk of failure)
Press: ? - help, Shift-Dir - straight line, f - ogre
Aim: an ogre, wielding a +0 giant club (91% to hit)
The searing ray hits the ogre.
The ogre is lightly wounded. (Press . to maintain the ray.)
The searing ray hits the ogre!
The ogre is heavily wounded.
The searing ray hits the gnoll.
The gnoll is moderately wounded.
The searing ray misses the ogre.
The ogre closely misses you.
The searing ray hits the ogre!
The ogre is severely wounded.
You finish channeling your searing ray.
The gnoll hits you from afar with a +0 halberd.
The ogre closely misses you.
A gnoll comes into view. It is wielding a +0 flail.
There is a stone staircase leading up here.
The ogre hits you with a +0 giant club!!
Ouch! That really hurt!
You die...
Kikubaaqudgha rasps: "You have failed me!
Welcome... death!"

####.....####....
$..#...........#.#
≈..........#####.#
.g≈≈≈....#...# (#
≈≈≈≈≈..).##..# .#
gg≈≈≈..###..†####>#
≈h≈≈≈.............# ###.
..≈.....###.g.g...#.....
.JJ⌠... #..g.O@)...(..
##..†.#..#.............
##..# #...............
...O ##..............
#### #...............
...#...........#.
.#####.######..## #..
..# ## .#


You could see an ogre and 3 gnolls.

Vanquished Creatures
  5 adders
  A worm (D:3)
  A dart slug (D:2)
  7 ball pythons
  3 bats
  5 endoplasms
  A giant cockroach (D:2)
  3 hobgoblins (D:1)
  4 jackals (D:2)
  2 kobolds
  A quokka (D:1)
  2 frilled lizards (D:1)
  5 goblins
  6 rats
46 creatures vanquished.

Notes
Turn   | Place    | Note
-------+----------+-------------------------------------------
     0 | D:1      | pokedragonboy the Deep Elf Conjurer began the quest for the
                  | Orb.
     0 | D:1      | Reached XP level 1. HP: 10/10 MP: 6/6
   303 | D:1      | Reached XP level 2. HP: 15/15 MP: 5/8
   824 | D:1      | Reached skill level 5 in Conjurations
   862 | D:1      | Learned a level 2 spell: Searing Ray
  1042 | D:2      | Reached XP level 3. HP: 19/19 MP: 5/10
  1320 | D:2      | Found a faded altar of an unknown god.
  1377 | D:2      | Found an ancient bone altar of Kikubaaqudgha.
  1542 | D:2      | Reached XP level 4. HP: 24/24 MP: 9/12
  2108 | D:2      | Became a worshipper of Kikubaaqudgha
  2252 | D:3      | Noticed an ogre
  2290 | D:3      | Noticed Ijyb
  2309 | D:3      | Slain by an ogre

Illustrated notes

Levels and vault maps discovered:
D:1:      sevenhm_arrival_forest_fort_small_5, layout_basic
D:2:      layout_loops_ring, ebering_ecumenical_altar_sacrificial, basic_altar,
          minmay_heptomino_h4
D:3:      layout_rooms, kiku_gazebo_pond_becter, mainiacjoe_overflow_catwalk,
          uniq_grinder, uniq_ijyb, uniq_terence

Skill      XL: |  1  2  3 |
---------------+----------+-----
Conjurations   | 5 |  5.8
Spellcasting   | 4 |  4.3
Dodging        | |  2.4
Stealth        | |  2.4
Necromancy     | |  0.7

Action                   |  1- 3 |  4- 6 || total
-------------------------+-------+-------++-------
 Cast: Magic Dart        |    52 |    24 ||    76
       Searing Ray       |     2 |     3 ||     5
  Use: Scroll            |     1 |       ||     1
Armor: Robe              |     1 |       ||     1
Dodge: Dodged            |     2 |     3 ||     5
